 Dungeon Crawl Stone Soup version 0.28.0-53-g5a82cb258f (webtiles) character file.

Game seed: 5820462698813838151

13 Gabide the Grave Robber (level 2, -1/19 HPs)
             Began as a Mummy Necromancer on June 2, 2022.
             Slain by a jackal (2 damage)
             ... on level 1 of the Dungeon.
             The game lasted 00:01:14 (531 turns).

Gabide the Grave Robber (Mummy Necromancer)          Turns: 531, Time: 00:01:15

Health: -1/19      AC:  2    Str: 11    XL:     2   Next: 24%
Magic:  1/6        EV: 12    Int: 14    God:
Gold:   8          SH:  0    Dex: 12    Spells: 6/7 levels left

rFire   x . .      SeeInvis .   (no weapon)
rCold   + . .      Faith    .   (no shield)
rNeg    + + +      Spirit   .   a - +0 robe
rPois   ∞          Reflect  .   (no helmet)
rElec   .          Harm     .   (no cloak)
rCorr   .          Rampage  .   (no gloves)
Will    .....                   (no boots)
Stlth   ++........              (no amulet)
HPRegen 0.06/turn               (no ring)
MPRegen 0.10/turn               (no ring)

@: no status effects
A: cold resistance 1, negative energy resistance 3, torment resistance 2, heat
vulnerability 1, no potions
a: no special abilities


You were on level 1 of the Dungeon.
You visited 1 branch of the dungeon, and saw 1 of its levels.

You collected 8 gold pieces.

Inventory:

Missiles
 b - 5 poisoned darts
Armour
 a - a +0 robe (worn)


   Skills:
 + Level 0.1 Fighting
 - Level 2.0 Dodging
 - Level 2.0 Stealth
 - Level 3.0 Spellcasting
 - Level 4.0 Necromancy


You had 6 spell levels left.
You knew the following spells:

 Your Spells              Type           Power      Damage    Failure   Level
a - Pain                  Necr           52%        1d6       4%          1

Your spell library contained the following spells:

 Spells                   Type           Power      Damage    Failure   Level
 Animate Skeleton         Necr           26%        N/A       4%          1
 Vampiric Draining        Necr           13%        2d6       12%         3
 Animate Dead             Necr           6%         N/A       38%         4
 Agony                    Necr           13%        N/A       75%         5


Dungeon Overview and Level Annotations

Branches:
Dungeon (1/15)

Altars:


Innate Abilities, Weirdness & Mutations

You are immune to poison.
Your flesh is cold resistant. (rC+)
You are immune to negative energy. (rN+++)
You are immune to unholy pain and torment.
You are vulnerable to heat. (rF-)
You do not drink.


Message History

The jackal is severely wounded.
The jackal bites you.
You closely miss the jackal.
The jackal is severely wounded.
The jackal barely misses you. x2
Your magical contamination has completely faded away.
You hit the jackal but do no damage.
The jackal is severely wounded.
The jackal bites you.
* * * LOW HITPOINT WARNING * * *
You closely miss the jackal.
The jackal is severely wounded.
The jackal barely misses you.
You closely miss the jackal.
The jackal is severely wounded.
The jackal closely misses you. The jackal bites you.
* * * LOW HITPOINT WARNING * * *
Aiming: Pain (safe; 4% risk of failure)
Press: ? - help, Q - select action, (/) - cycle Shift-Dir - straight line, f/p - jackal
Aim: a jackal (severely wounded, chance to affect: 83%)
The jackal barely resists.
The jackal bites you.
* * * LOW HITPOINT WARNING * * *
You aren't carrying any scrolls.
The jackal bites you but does no damage.
The jackal bites you.
* * * LOW HITPOINT WARNING * * *
The jackal bites you but does no damage.
Aiming: Pain (safe; 4% risk of failure)
Press: ? - help, Q - select action, (/) - cycle Shift-Dir - straight line, f/p - jackal
Aim: a jackal (heavily wounded, chance to affect: 83%)
The jackal writhes in agony.
You kill the jackal!
Training target 2.0 for Stealth reached!
Your Stealth skill increases to level 2!
You need to enable at least one skill for training.
The jackal misses you. The jackal closely misses you. The jackal bites you.
You die...

#.. ...... #.# #... ....#
#.#### ###..# #.#.# #.##..
....# ##.#.###### ### #.##.#
#...###.....#...# ##.##
##.##.# .......#.......#
#.#.###..##.# #..#
#.....#>..#
.###.##..##.#####..#
#........## ##
##..........h@..###.##.###)#
.###.##.##.#####...)......#
#.##. #.#.###.##.#
#.#####.#### #.... ##.##
#.##.# #.# #.# #.###
#######.##.## #.# #.# #.#
†...........####.#####.# #.#
#######...#............# #.#
#.....####.####..# #)#
#.....# #...##..# #.#


You could see a jackal.

Vanquished Creatures
  An endoplasm (D:1)
  A goblin (D:1)
  A hobgoblin (D:1)
  3 jackals (D:1)
  A ball python (D:1)
  3 kobolds (D:1)
  A rat (D:1)
11 creatures vanquished.

Notes
Turn   | Place    | Note
-------+----------+-------------------------------------------
     0 | D:1      | Gabide the Mummy Necromancer began the quest for the Orb.
     0 | D:1      | Reached XP level 1. HP: 13/13 MP: 4/4
   407 | D:1      | Reached XP level 2. HP: 19/19 MP: 3/6
   531 | D:1      | Slain by a jackal

Illustrated notes

Levels and vault maps discovered:
D:1:      wander_arrival_lonely_grave, layout_loops_ring

Skill      XL: |  1  2 |
---------------+-------+-----
Spellcasting   | 3 |  3.0
Dodging        | 2 |  2.0
Stealth        | 2 |  2.0
Fighting       | |  0.1
Necromancy     | |  4.0

Action                   || total
-------------------------++-------
Melee: Unarmed           ||    17
 Cast: Pain              ||    26
Armor: Robe              ||     6
Dodge: Dodged            ||    18
